 Dungeon Crawl Stone Soup version 0.27-a0-1066-g29160eaed2 (webtiles) character file.

Game seed: 13897727792695350551

8677 Delamore the Severer (level 11, -3/75 HPs)
             Began as a Formicid Fighter on Apr 24, 2021.
             Was a High Priest of Okawaru.
             Killed from afar by an electric eel (14 damage)
             ... with a bolt of electricity
             ... in a bailey.
             The game lasted 00:15:27 (10640 turns).

Delamore the Severer (Formicid Fighter)            Turns: 10640, Time: 00:15:28

Health: -3/75      AC: 15    Str: 24    XL:     11   Next: 60%
Magic:  10/11      EV: 11    Int:  8    God:    Okawaru [*****.]
Gold:   615        SH: 13    Dex: 10    Spells: 10/10 levels left

rFire    . . .     SeeInvis +   G - +5 war axe (drain)
rCold    . . .     Faith    .   c - +0 kite shield
rNeg     . . .     Spirit   .   b - +0 scale mail
rPois    .         Reflect  .   (helmet unavailable)
rElec    .         Harm     .   k - +1 cloak {Stlth+}
rCorr    .         Rampage  .   o - +0 pair of gloves
Will     ++...                  (no boots)
Stlth    ++........             (no amulet)
HPRegen  0.22/turn              g - +4 ring of protection
MPRegen  0.12/turn              n - ring of willpower

@: heroic
A: permanent stasis, dig shafts and tunnels, antennae 3, four strong arms
a: Dig, Renounce Religion, Heroism, Finesse


You were in a bailey.
You worshipped Okawaru.
Okawaru was extremely pleased with you.
You visited 2 branches of the dungeon, and saw 11 of its levels.
You also visited: Bailey.

You collected 615 gold pieces.

Inventory:

Hand Weapons
 a - a +0 war axe
 s - a +2 hand axe of flaming
 G - a +5 war axe of draining (weapon)
Missiles
 f - a throwing net
Armour
 b - a +0 scale mail (worn)
 c - a +0 kite shield (worn)
 k - a +1 cloak of stealth (worn)
 o - a +0 pair of gloves (worn)
Jewellery
 g - a +4 ring of protection (left hand)
 n - a ring of willpower (right hand)
 x - a ring of fire
 D - a ring of flight
Wands
 m - a wand of iceblast (19)
 B - a wand of flame (35)
 C - a wand of digging (6)
 F - a wand of paralysis (5)
 I - a wand of acid (8)
Scrolls
 e - 4 scrolls of noise
 l - 3 scrolls of identify
 q - 7 scrolls of amnesia
 r - 2 scrolls of torment
 t - 5 scrolls of teleportation
 w - a scroll of magic mapping
 y - 4 scrolls of fear
 z - a scroll of enchant armour
 A - 2 scrolls of immolation
Potions
 d - a potion of resistance
 h - a potion of attraction
 i - a potion of degeneration {unknown}
 j - 3 potions of heal wounds {unknown}
 p - a potion of lignification {unknown}
 u - 3 potions of haste
 v - 5 potions of curing {unknown}
 E - a potion of berserk rage {unknown}
 H - a potion of cancellation


   Skills:
 - Level 3.2(8.2) Fighting
 * Level 15.2(20.2) Axes
 - Level 3.2(8.2) Armour
 - Level 9.0(14.0) Shields


You had 10 spell levels left.
You didn't know any spells.
Your spell library contained the following spells:

 Spells                   Type           Power      Damage    Failure   Level
 Foxfire                  Conj/Fire      0%         2x1d4     67%         1
 Sandblast                Erth           0%         2d4       67%         1
 Shock                    Conj/Air       0%         1d3       67%         1
 Passwall                 Tmut/Erth      0%         N/A       80%         2
 Static Discharge         Conj/Air       0%         N/A       80%         2
 Conjure Flame            Conj/Fire      0%         6-21      95%         3
 Inner Flame              Hex/Fire       0%         N/A       95%         3
 Stone Arrow              Conj/Erth      0%         3d7       95%         3
 Airstrike                Air            0%         N/A       100%        4
 Petrify                  Tmut/Erth      0%         N/A       100%        4
 Sticky Flame             Conj/Fire      0%         2d3       100%        4
 Fireball                 Conj/Fire      0%         3d3       100%        5
 Lee's Rapid Deconstruct  Erth           0%         3d5*      100%        5
 Lightning Bolt           Conj/Air       0%         1d11      100%        5
 Swiftness                Air            Unusable   N/A       N/A         3

Dungeon Overview and Level Annotations

Branches:
Dungeon (10/15)            Temple (1/1) D:6          Bailey (1/1)
   Lair: D:8-11         Orc: D:9-12

Altars:
Ashenzari
Cheibriados
Fedhas
Gozag
Hepliaklqana
Kikubaaqudgha
Makhleb
Nemelex Xobeh
Okawaru
Qazlal
Ru
Sif Muna
Trog
Uskayaw
Vehumet
Wu Jian
Xom
Zin
The Shining One

Shops:
D:4 ((!:


Innate Abilities, Weirdness & Mutations

You cannot be hasted, slowed, berserked, paralysed or teleported.
You can dig through walls and to a lower floor.
You have a pair of large antennae on your head. (SInv)
Your four strong arms can wield two-handed weapons with a shield.


Message History

Aiming: Corrosive Bolt
Press: ? - help, Shift-Dir - straight line, f/p - orc knight
Aim: an orc knight, wielding a +0 war axe and wearing a +0 scale mail (severely wounded, lightly drained, 64% to hit)
The bolt of acid misses the orc knight.
The bolt of acid hits the gnoll!
The gnoll is splashed with acid.
The acid corrodes the gnoll!
You kill the gnoll!
Okawaru accepts your kill.
The orc knight hits you with a +0 war axe!!
You barely miss the orc knight.
The orc knight is severely wounded.
The orc knight barely misses you.
You hit the orc knight.
The orc knight is severely wounded.
The electric eel shoots out a bolt of lightning at you!
The bolt of electricity hits you!
The orc knight hits you with a +0 war axe!
* * * LOW HITPOINT WARNING * * *
You completely miss the orc knight.
The orc knight is severely wounded.
You hit the orc knight but do no damage.
You drain the orc knight.
The orc knight is severely wounded.
The electric eel shoots out a bolt of lightning at you!
The bolt of electricity hits you but does no damage.
The orc knight barely misses you.
You closely miss the orc knight.
The orc knight is severely wounded.
The electric eel shoots out a bolt of lightning at you!
The bolt of electricity hits you!
* * * LOW HITPOINT WARNING * * *
You block the orc knight's attack.
You slash the orc knight! You drain the orc knight.
You kill the orc knight!
Okawaru accepts your kill.
There is an open door, spattered with blood here.
Things that are here:
a +0 war axe; a +0 scale mail The electric eel shoots out a bolt of lightning at you!
The bolt of electricity hits you!
You die...

≈≈≈≈≈≈≈.'........_..
≈≈≈≈≈≈≈.#.8.........
≈≈≈≈≈≈≈.#...).......
≈≈≈≈≈≈≈.#.8)########
≈≈≈≈≈≈≈.#.....#######
≈≈≈≈≈≈≈.#.8...#.....#
≈≈≈≈≈≈;.#.....#.....#
≈≈≈≈≈≈#)####..#..⌠..#
≈≈≈≈≈≈#@...#..'.....+
≈≈≈≈≈≈#....#..'.....+
≈≈≈≈≈≈###..#####'''#####
≈≈≈≈≈ ..#..)).......#
≈≈≈≈ ####≈≈))...≈≈≈≈#
≈≈≈≈≈≈≈≈≈...≈≈≈≈≈
≈≈≈≈≈≈≈≈≈...≈≈≈≈≈
≈≈≈≈≈≈≈≈≈≈...≈≈≈≈≈
≈≈≈≈≈≈≈≈≈≈...≈≈≈≈≈


You could see an electric eel.

Vanquished Creatures
  A two-headed ogre (D:8)
  An orc sorcerer (Bailey)
  2 orc knights (Bailey)
  Maggie (D:6)
  A kobold demonologist (Bailey)
  A troll (D:9)
  Prince Ribbit (D:9)
  2 wyverns
  4 vampire mosquitoes (D:10)
  4 yaks (D:9)
  A steam dragon (D:8)
  4 water moccasins
  An ice beast (D:7)
  2 sky beasts
  9 orc warriors
  4 centaurs
  A phantom (D:7)
  An elf zombie (D:8)
  3 bullfrogs
  A gnoll sergeant (D:8)
  4 scorpions (D:5)
  3 elf skeletons (D:8)
  A water moccasin zombie (D:6)
  A water moccasin skeleton (D:6)
  8 wights
  An electric eel (Bailey)
  4 centaur zombies
  3 hounds
  2 gnoll shamans
  A bullfrog zombie (D:3)
  6 orc priests
  A jelly (D:4)
  Crazy Yiuf (D:2)
  An iguana (D:5)
  3 human skeletons (D:8)
  7 orc wizards
  2 killer bee zombies (D:8)
  2 howler monkey zombies (D:9)
  17 gnolls
  2 howler monkey skeletons
  4 adders
  A white imp (D:7)
  2 ufetubi
  An adder zombie (D:5)
  4 worms
  3 dart slugs
  24 orcs
  8 ball pythons
  8 bats
  2 endoplasms
  A giant cockroach (D:1)
  12 goblins
  8 hobgoblins
  7 jackals
  4 kobolds
  2 quokkas
  A frilled lizard (D:2)
  An orc skeleton (D:8)
  3 orc zombies (D:8)
  5 rats
216 creatures vanquished.

Vanquished Creatures (others)
  A goblin (Bailey)
  A plant (Temple)
2 creatures vanquished.

Grand Total: 218 creatures vanquished

Notes
Turn   | Place    | Note
-------+----------+-------------------------------------------
     0 | D:1      | Delamore the Formicid Fighter began the quest for the Orb.
     0 | D:1      | Reached XP level 1. HP: 18/18 MP: 1/1
   271 | D:1      | Reached XP level 2. HP: 18/24 MP: 2/2
   906 | D:1      | Found a faded altar of an unknown god.
  1027 | D:2      | Reached XP level 3. HP: 29/29 MP: 3/3
  1072 | D:2      | Reached skill level 3 in Axes
  1356 | D:2      | Found a runed translucent door.
  1357 | D:2      | Noticed Crazy Yiuf
  1749 | D:2      | Killed Crazy Yiuf
  1750 | D:2      | Reached XP level 4. HP: 31/35 MP: 4/4
  1843 | D:3      | Reached skill level 4 in Axes
  1843 | D:3      | Reached XP level 5. HP: 38/41 MP: 5/5
  2354 | D:4      | Found Xorucor's Weapon Boutique.
  2604 | D:4      | Reached skill level 5 in Shields
  2801 | D:4      | Found Muyf's Distillery.
  2998 | D:4      | Found Ceesu's Antique Weapon Shop.
  3161 | D:4      | Reached XP level 6. HP: 47/47 MP: 6/6
  3212 | D:4      | Found Afoceud's Book Boutique.
  3437 | D:5      | Entered Level 5 of the Dungeon
  3464 | D:5      | Noticed a water moccasin
  3483 | D:4      | Killed a water moccasin
  3484 | D:4      | Reached skill level 5 in Axes
  3503 | D:5      | Noticed a sky beast
  3520 | D:5      | Killed a sky beast
  3521 | D:5      | Reached skill level 6 in Axes
  3521 | D:5      | Reached XP level 7. HP: 10/52 MP: 7/7
  4542 | D:5      | Reached skill level 7 in Axes
  4549 | D:5      | Reached XP level 8. HP: 55/58 MP: 8/8
  4817 | D:6      | Noticed Maggie
  4832 | D:6      | You fall into a shaft and drop 2 floors!
  5431 | D:6      | Reached skill level 8 in Axes
  5654 | D:6      | Found a staircase to the Ecumenical Temple.
  5835 | Temple   | Entered the Ecumenical Temple
  5871 | Temple   | Became a worshipper of Warmaster Okawaru
  5956 | D:6      | Reached skill level 9 in Axes
  5956 | D:6      | Reached XP level 9. HP: 64/64 MP: 9/9
  5982 | D:6      | You fall into a shaft and drop 3 floors!
  6126 | D:8      | Noticed a two-headed ogre
  6417 | D:7      | Reached * piety under Okawaru
  6418 | D:7      | Reached skill level 10 in Axes
  7356 | D:6      | Killed Maggie
  7357 | D:6      | Reached skill level 11 in Axes
  7634 | D:6      | Found a snail-covered altar of Cheibriados.
  7820 | D:7      | Reached XP level 10. HP: 61/70 MP: 10/10
  7898 | D:8      | Killed a two-headed ogre
  7898 | D:8      | Reached ** piety under Okawaru
  7899 | D:8      | Reached skill level 12 in Axes
  8858 | D:8      | Reached *** piety under Okawaru
  9100 | D:9      | Reached skill level 13 in Axes
  9501 | D:9      | Reached XP level 11. HP: 67/75 MP: 11/11
  9656 | D:9      | Reached **** piety under Okawaru
  9727 | D:9      | Noticed Prince Ribbit
  9739 | D:9      | Killed Prince Ribbit
 10025 | D:10     | Entered Level 10 of the Dungeon
 10046 | D:10     | Reached skill level 14 in Axes
 10349 | D:10     | Found a flagged portal.
 10366 | Bailey   | Entered a bailey
 10439 | Bailey   | Found an iron altar of Okawaru.
 10439 | Bailey   | Noticed an orc sorcerer
 10455 | Bailey   | Killed an orc sorcerer
 10521 | Bailey   | Noticed an orc knight
 10529 | Bailey   | Killed an orc knight
 10529 | Bailey   | Reached ***** piety under Okawaru
 10530 | Bailey   | Reached skill level 15 in Axes
 10622 | Bailey   | Noticed an orc knight
 10638 | Bailey   | Killed an orc knight
 10640 | Bailey   | Killed from afar by an electric eel

Illustrated notes

Levels and vault maps discovered:
D:1:      minmay_arrival_four_loops, layout_basic,
          ebering_ecumenical_altar_abandoned, solitary_fountain
D:2:      layout_loops_ring, minmay_tripent, uniq_crazy_yiuf_cottage
D:3:      layout_rooms
D:4:      layout_basic, serial_shops, nicolae_shop_crystal, nicolae_shop_stone,
          nicolae_shop_waterfront, shop
D:5:      layout_cave_pods, minmay_misc_feat_plants, grunt_ministairs_1
D:6:      layout_loops_ring, slow_altar_2, minmay_temple_entry_mist,
          minmay_starry_boxes, uniq_maggie
D:7:      layout_basic
D:8:      layout_basic, nicolae_ossuary_entry_catacombs, patterned_corridor
D:9:      layout_rooms, uniq_prince_ribbit1
D:10:     layout_irregular_city, david_lair_shrubbed, enter_bailey_4,
          serial_bayou_crossing, uniq_psyche
Temple:   kilobyte_greek_temple
Bailey:   bailey_axe_of_yendor_kennysheep, bailey

Skill      XL: |  1  2  3  4  5  6  7  8  9 10 11 |
---------------+----------------------------------+-----
Shields        | 4 5 6 8 9 |  9.0
Axes           | 3 4 6 7 9 11 13 15 | 15.2
Fighting       | |  3.2
Armour         | |  3.2

Action                   |  1- 3 |  4- 6 |  7- 9 | 10-12 || total
-------------------------+-------+-------+-------+-------++-------
Melee: War axe           |   115 |   103 |       |   295 ||   513
       Hand axe          |       |    34 |   291 |    12 ||   337
Invok: Heroism           |       |       |     1 |     5 ||     6
 Abil: Dig               |       |       |     5 |     5 ||    10
       Shaft Self        |       |       |     2 |       ||     2
Evoke: Wand              |       |       |       |     6 ||     6
  Use: Scroll            |     1 |       |    10 |     3 ||    14
       Potion            |       |     1 |       |       ||     1
Armor: Scale mail        |    54 |    79 |   120 |    72 ||   325
Dodge: Dodged            |    51 |    46 |    93 |    62 ||   252
Block: Kite shield       |    77 |    86 |   144 |   136 ||   443

Table legend: (Time is in decaauts)
 A = Elapsed time spent in this place.
 B = Non-inter-level travel time spent in this place.
 C = Inter-level travel time spent in this place.
 D = Time resting spent in this place.
 E = Time spent auto-exploring this place.
 F = Levels seen in this place.
 G = Mean time per level.
                   A        B        C        D        E       F      G
               +--------+--------+--------+--------+--------+-----+--------+
         Total |  10700 |  10246 |    454 |   2293 |   5983 |  12 |  891.7 |
       Dungeon |  10369 |   9948 |    421 |   2199 |   5930 |  10 | 1036.9 |
        Temple |     73 |     40 |     33 |      0 |      0 |   1 |   73.0 |
        Bailey |    258 |    258 |      0 |     94 |     53 |   1 |  258.0 |
               +--------+--------+--------+--------+--------+-----+--------+

Top non-repeatable levels by time:
     D:6: 1475 daAuts
     D:7: 1351 daAuts
     D:4: 1326 daAuts
     D:8: 1184 daAuts
     D:5: 1183 daAuts
     D:9: 1081 daAuts
     D:1: 1039 daAuts
     D:2: 791 daAuts
     D:3: 588 daAuts
    D:10: 348 daAuts
  Bailey: 258 daAuts
  Temple: 73 daAuts
